 Dungeon Crawl Stone Soup version 0.16.2-12-gd0ad4c3 (webtiles) character file.

1272806 faibistes the Archmage (level 27, -13/186 HPs)
             Began as a Deep Elf Wizard on Apr 12, 2018.
             Was the Champion of Sif Muna.
             Killed from afar by a hellion (22 damage)
             ... with a burst of hellfire
             ... on level 5 of Gehenna on Apr 17, 2018.
             The game lasted 15:31:30 (198645 turns).

faibistes the Archmage (Deep Elf Wizard)          Turns: 198645, Time: 15:31:30

Health: -13/186    AC: 20    Str: -1 (4) XL:     27
Magic:  68/68      EV: 16    Int: 43    God:    Sif Muna [******]
Gold:   14746      SH:  0    Dex: 11    Spells: 12 memorised, 0 levels left

rFire  + + +     SeeInvis +     w - staff of power
rCold  + . .     Clarity  +     y - +2 robe {Archmagi}
rNeg   + + +     SustAb   .     (no shield)
rPois  ∞         Gourm    .     u - +1 hat of Xom's Delight {rElec rF+ Int+4}
rElec  +         Spirit   .     b - +2 cloak of the Thief {+Fog Slay-2 SInv Stlth+}
rCorr  .         Warding  .     g - +2 pair of gloves {Dex+3}
rMut   .         Stasis   .     m - +2 pair of boots {run}
MR     +++++                    H - amulet of the Four Winds {Clar rN+ MR+++}
Stlth  +++.......               l - ring "Sidiecke" {MP+9 Int+2}
                                c - ring of Phoem {+Fly rElec rPois rF++ rN+ Dex-5}

@: lich-form, lost strength, deflect missiles, very slow, almost entirely
resistant to hostile enchantments, fairly stealthy
A: no striking features
a: End Transformation, Channel Energy, Forget Spell, Renounce Religion, Evoke
Fog, Evoke Flight
}: 12/15 runes: decaying, serpentine, slimy, silver, golden, icy, abyssal,
demonic, glowing, magical, fiery, dark


You were on level 5 of Gehenna.
You worshipped Sif Muna.
Sif Muna was exalted by your worship.
You were not hungry.
You were a lich.
You visited 16 branches of the dungeon, and saw 81 of its levels.
You visited Pandemonium 1 time, and saw 32 of its levels.
You visited the Abyss 2 times.
You visited 1 bazaar.
You also visited: Trove and Bailey.

You collected 16825 gold pieces.
You spent 2079 gold pieces at shops.

Inventory:

Armour
 a - the +0 cloak of Starlight {rElec rC+ EV+4 Stlth-}
   (You found it on level 15 of the Dungeon)

   It affects your evasion (+4).
   It protects you from cold.
   It insulates you from electricity.
   It makes you less stealthy.
 b - the +2 cloak of the Thief (worn) {+Fog Slay-2 SInv Stlth+}
   (You found it in a treasure trove)

   It affects your accuracy and damage with ranged weapons and melee attacks
   (-2).
   It enhances your eyesight.
   It can be evoked to emit clouds of fog.
   It makes you more stealthy.
 g - a +2 pair of gloves of dexterity (worn)
 m - a +2 pair of boots of running (worn)
 u - the +1 hat of Xom's Delight (worn) {rElec rF+ Int+4}
   (You found it in a treasure trove)

   It affects your intelligence (+4).
   It protects you from fire.
   It insulates you from electricity.
 y - a +2 robe of the Archmagi (worn)
Magical staves
 w - an uncursed staff of power (weapon)
Jewellery
 c - the ring of Phoem (left hand) {+Fly rElec rPois rF++ rN+ Dex-5}
   (You took it off a deep elf death mage on level 5 of the Vaults)

   [ring of flight]

   It affects your dexterity (-5).
   It greatly protects you from fire.
   It insulates you from electricity.
   It protects you from poison.
   It protects you from negative energy.
   It lets you fly.
 l - the ring "Sidiecke" (right hand) {MP+9 Int+2}
   (You found it in a treasure trove)

   [ring of magical power]

   It affects your intelligence (+2).
   It affects your magic capacity (+9).
 t - a cursed ring of see invisible
 H - the amulet of the Four Winds (around neck) {Clar rN+ MR+++}
   (You took it off a deep elf blademaster on level 3 of the Elven Halls)

   [amulet of clarity]

   It provides mental clarity.
   It protects you from negative energy.
   It affects your resistance to hostile enchantments.
 J - the amulet "Pratt" {Regen+ Str+4 Int+5 Stlth-}
   (You took it off a yaktaur captain on level 5 of the Vaults)

   [amulet of regeneration]

   It affects your strength (+4).
   It affects your intelligence (+5).
   It increases your rate of regeneration.
   It makes you less stealthy.
 K - the ring of the Mage {Wiz MR++ Int+3}
   (You found it on level 3 of the Tomb of the Ancients)

   [ring of wizardry]

   It improves your spell success rate.
   It affects your intelligence (+3).
   It affects your resistance to hostile enchantments.
 V - the ring "Mnuonesch" {Ice Int+8}
   (You took it off a deep elf master archer on level 3 of the Elven Halls)

   [ring of ice]

   It enhances your ice magic, and weakens your fire magic.
   It affects your intelligence (+8).
   It makes you vulnerable to fire.
   It protects you from cold.
Magical devices
 d - a wand of heal wounds (3)
 f - a wand of cold (2)
 n - a wand of lightning (5)
 v - a wand of fire (1)
 z - a wand of digging (3)
 D - a wand of hasting (3)
 Q - a wand of fireball (6)
 R - a wand of lightning (3)
 T - a wand of cold (4)
 Y - a wand of cold (6)
 Z - a wand of teleportation (2)
Scrolls
 h - 2 scrolls of recharging
 p - a scroll of summoning
 q - 6 scrolls of immolation
 x - 11 scrolls of remove curse
 C - 3 scrolls of enchant armour
 G - 9 scrolls of fog
 L - 5 scrolls of blinking
 M - 12 scrolls of fear
 N - 12 scrolls of identify
 P - 9 scrolls of magic mapping
Potions
 e - 7 potions of haste
 i - a potion of cancellation
 j - 8 potions of magic
 k - a potion of heal wounds
 o - 4 potions of restore abilities
 s - 3 potions of ambrosia
 B - 8 potions of brilliance
 E - 3 potions of cure mutation
 F - 9 potions of flight
 I - 4 potions of invisibility
 S - 4 potions of resistance
 U - 2 potions of curing
Comestibles
 r - 29 meat rations


   Skills:
 * Level 22.4 Fighting
 - Level 10.0 Dodging
 - Level 2.4 Stealth
 O Level 27 Spellcasting
 O Level 27 Conjurations
 - Level 12.1 Charms
   Level 4.7 Summonings
 * Level 24.6 Necromancy
 - Level 13.0 Translocations
 - Level 3.6 Transmutations
 O Level 27 Fire Magic
 - Level 24.2 Ice Magic
 - Level 4.2 Air Magic
 O Level 27 Earth Magic
   Level 3.7 Poison Magic
 * Level 24.0 Invocations
 - Level 9.0 Evocations


You couldn't memorise any spells.
You knew the following spells:

 Your Spells              Type           Power        Failure   Level  Hunger
a - Lehudib's Crystal Sp  Conj/Erth      #########.   1%          8    N/A
b - Ring of Flames        Chrm/Fire      ########..   1%          7    N/A
c - Glaciate              Conj/Ice       #########.   1%          9    N/A
d - Controlled Blink      Tloc           N/A          1%          7    N/A
e - Fire Storm            Conj/Fire      #########.   1%          9    N/A
f - Deflect Missiles      Chrm/Air       ########..   1%          6    N/A
h - Haste                 Chrm           ########     1%          6    N/A
i - Pain                  Necr           ####         0%          1    N/A
m - Shatter               Erth           #########.   1%          9    N/A
n - Necromutation         Trmt/Necr      #########.   8%          8    N/A
v - Bolt of Fire          Conj/Fire      #########.   0%          6    N/A
x - Force Lance           Conj/Tloc      ########     0%          4    N/A

Dungeon Overview and Level Annotations

Branches:
Dungeon (15/15)            Temple (1/1) D:5            Lair (8/8) D:8
  Swamp (5/5) Lair:3        Snake (5/5) Lair:4        Slime (6/6) Lair:6
    Orc (4/4) D:10            Elf (3/3) Orc:3        Vaults (5/5) D:13
  Crypt (3/3) Vaults:3       Tomb (3/3) Crypt:3      Depths (5/5) D:15
   Hell (1/1)                 Dis (0/7) Hell            Geh (5/7) Hell
    Coc (7/7) Hell            Tar (0/7) Hell            Zot (5/5) Depths:5

Altars:
Ashenzari
Cheibriados
Dithmenos
Elyvilon
Fedhas
Gozag
Kikubaaqudgha
Makhleb
Nemelex Xobeh
Okawaru
Qazlal
Ru
Sif Muna
Trog
Vehumet
Xom
Yredelemnul
Zin
The Shining One
Beogh

Shops:
D:8 (   D:15 :   Orc:4 %((   Vaults:2 =   Vaults:5 (   Depths:1 (

Portals:
Hell: Depths:1 Depths:2 Depths:3 Depths:4 Depths:5
Abyss: Depths:4
Pandemonium: Depths:3 Depths:4
Ziggurat: Depths:1 Depths:5

Annotations:
Coc:2 13 runed doors


Message History

The hellion gives a hideous shriek!
You hear a hideous shriek!
You hear a hideous shriek! x4 4 hellions and a salamander firebrand come into view.
A hellion comes into view.
The hellion gives a hideous shriek! x2
The hellion gestures at you.
The hellfire explodes!
The burst of hellfire engulfs you! The hellion gestures at you.
The hellfire explodes!
The burst of hellfire engulfs you! The hellion gestures at you.
The hellfire explodes!
The burst of hellfire engulfs you! The hellion gestures at you.
The hellfire explodes!
The burst of hellfire engulfs you!
* * * LOW HITPOINT WARNING * * *
The hellion gestures at you.
The hellfire explodes!
The burst of hellfire engulfs you!
* * * LOW HITPOINT WARNING * * *
The hellion gestures at you.
The hellfire explodes!
The burst of hellfire engulfs you!
You die... ≈ . 2.≈ ≈.≈≈§ 222

E≈§§§2 ≈2§ §§
≈≈.≈≈§2.≈§§§≈≈§
.≈§§≈≈§§≈§≈≈≈.≈
..≈≈.≈≈§≈§≈≈.≈# §≈≈≈..
#...≈.≈≈≈.≈≈§.# .....#
#....≈.L≈≈≈#... .....#
#####.≈≈...§##≈...
.....###.###.≈≈≈..≈≈§≈..N#
§...§....)######..§......#
≈≈≈§§≈§)))## #..........
#≈≈≈≈≈§.)).## #...........
≈§§§≈≈..###)####......#...
≈....§.####).....).........
..##..## #.....§..........


You could see 6 hellions and a fire elemental.

Vanquished Creatures
  Antaeus (Coc:7)
  the royal jelly (Slime:6)
  A seraph (Pan)
  Mnoleg (Pan)
  Lom Lobon (Pan)
  Khufu (Crypt:1)
  5 orbs of fire
  11 ancient liches
  The ghost of faibistes the Sorcerer, a great DEWz of Sif Muna (Vaults:5)
  33 greater mummies
  Boris (Crypt:1)
  9 shard shrikes
  Sojobo (Vaults:3)
  A caustic shrike (Depths:4)
  Margery (Crypt:1)
  Norris (Depths:2)
  8 Killer Klowns
  2 curse toes
  5 pandemonium lords (Pan)
  Mara (Crypt:2)
  Mennas (Pan)
  Geryon (Hell)
  5 golden dragons
  The ghost of faibistes the Sorcerer, a great DEWz of Sif Muna (Depths:1)
  3 profane servitors
  Frederick (Vaults:3)
  10 bone dragons
  A pearl dragon (Pan)
  19 tentacled monstrosities
  4 electric golems
  17 Brimstone Fiends
  3 hellephants (Abyss:5)
  24 Ice Fiends
  8 Hell Sentinels
  3 deep elf blademasters (Elf:3)
  25 Orb Guardians (Zot:5)
  4 quicksilver dragons
  6 deep elf master archers
  6 titans
  Asterion (Swamp:3)
  14 acid blobs
  7 Shadow Fiends
  6 liches
  42 tentacled starspawn
  7 sphinxes
  Rupert (Snake:5)
  Agnes (Snake:1)
  5 thorn hunters
  14 shadow dragons
  The ghost of pedritolo the Imperceptible, a mighty SpEn of Dithmenos (Coc:7)
  5 ancient champions
  29 Executioners
  Frances (Snake:2)
  A revenant (Tomb:1)
  12 azure jellies
  6 draconian monks
  15 storm dragons
  8 daevas (Pan)
  9 tengu reavers
  Donald (Snake:4)
  Wiglaf (Snake:2)
  8 greater nagas
  Maud (Depths:2)
  10 frost giants
  5 black suns (Pan)
  19 cacodemons
  A draconian knight (Zot:1)
  12 fire giants
  17 vault wardens
  12 deep elf sorcerers
  7 draconian scorchers
  4 ghost moths
  Aizul (Snake:1)
  2 iron dragons
  5 warmongers (Pan)
  19 reapers
  34 balrugs
  4 curse skulls
  An orc warlord (Orc:3)
  14 draconian zealots
  A spriggan defender (Depths:4)
  9 emperor scorpions
  7 war gargoyles
  15 ghouls
  9 draconian annihilators
  Jorgrun (Elf:2)
  23 ironheart preservers
  18 angels
  6 draconian shifters
  24 very ugly things
  22 stone giants
  12 apis (Pan)
  5 elemental wellsprings
  6 blood saints (Pan)
  63 starcursed masses
  6 grey draconians
  2 salamander firebrands
  3 green draconians
  4 bennus
  9 black draconians
  10 ophanim (Pan)
  5 corrupters (Pan)
  10 purple draconians
  7 white draconians
  12 vampire knights
  8 pale draconians
  8 yellow draconians
  6 deep elf demonologists
  11 lorocyprocas
  7 mottled draconians
  9 red draconians
  16 ettins
  16 deep elf annihilators
  6 chaos champions (Pan)
  5 dire elephants
  19 green deaths
  Snorg (Orc:1)
  2 quicksilver dragon zombies
  9 unborn
  32 blizzard demons
  17 eidola
  A minotaur (Depths:3)
  7 death oozes
  4 deep elf death magi
  27 mummy priests
  7 deep elf high priests
  9 death cobs
  36 vault guards
  23 fire dragons
  4 kraken zombies
  25 yaktaur captains
  A jiangshi (Crypt:3)
  A hydra (shapeshifter) (Vaults:5)
  Fannar (D:15)
  A spriggan air mage (Depths:3)
  10 centaur warriors
  Harold (Lair:7)
  11 hell beasts
  37 ice dragons
  18 naga warriors
  4 quicksilver dragon skeletons
  25 hydras
  13 great orbs of eyes
  16 rakshasas
  12 monstrous demonspawn (Pan)
  An anaconda (shapeshifter) (Vaults:5)
  2 ghost crabs
  2 catoblepae (Depths:4)
  Erica (Lair:7)
  19 anacondas
  21 dancing weapons
  A spectral stone giant (Crypt:2)
  26 death yaks
  8 tengu warriors
  20 ogre magi
  6 alligators
  18 deep troll shamans
  5 death knights
  2 vampire magi
  A satyr (Abyss:5)
  3 water nymphs (Abyss:5)
  18 hell hogs
  3 holy swine (Pan)
  11 shock serpents
  4 orc high priests
  10 deep troll earth magi
  5 spriggan berserkers
  52 thrashing horrors
  Urug (D:15)
  3 titan zombies
  A fire crab (shapeshifter) (Depths:1)
  15 naga sharpshooters
  18 shadow wraiths
  7 spriggans
  4 titan skeletons
  5 storm dragon zombies
  3 iron golems
  A tengu skeleton (Vaults:3)
  31 soul eaters
  21 wretched stars
  2 death drakes (shapeshifter)
  28 deep elf knights
  3 fire crabs
  5 iron trolls
  56 sun demons
  4 death drakes
  14 cherubim (Pan)
  86 skeletal warriors
  58 death scarabs
  49 hell knights
  9 salamander mystics
  22 ice devils
  5 spatial maelstroms
  4 storm dragon skeletons
  11 shadow demons
  12 ball lightnings (Pan)
  7 swamp dragons
  A sea snake (Snake:1)
  12 anaconda zombies
  A deep troll (shapeshifter) (Depths:4)
  2 ghost moth zombies
  A kraken simulacrum (Coc:3)
  13 putrid demonspawn (Pan)
  43 deep trolls
  10 deep elf summoners
  7 shadow dragon zombies
  5 unseen horrors
  9 hill giants
  A swamp dragon (shapeshifter) (Vaults:2)
  11 naga ritualists
  3 spectral anacondas
  12 gelid demonspawn (Pan)
  An ice statue (Hell)
  A spectral hydra (Depths:2)
  A golden dragon skeleton (Tomb:2)
  18 flayed ghosts
  12 wizards
  4 shambling mangroves
  17 infernal demonspawn (Pan)
  12 giant orange brains
  15 ironbrand convokers
  2 sphinx zombies
  16 orc knights
  3 anaconda skeletons
  11 torturous demonspawn (Pan)
  32 anubis guards
  3 wolf spider zombies
  25 deep elf conjurers
  A lindwurm (shapeshifter) (Abyss:5)
  17 necromancers
  4 shining eyes
  9 ugly thing skeletons
  6 orc sorcerers
  A griffon (shapeshifter) (Depths:4)
  A spectral fire dragon (Tomb:1)
  3 fire giant zombies
  An orb spider (Abyss:5)
  2 harpies
  2 shadow dragon skeletons
  21 phantasmal warriors
  20 salamanders
  10 stone giant zombies
  4 frost giant zombies
  28 moths of wrath
  11 cyclopes
  4 griffons
  5 hornets
  4 iron dragon zombies
  8 guardian serpents
  21 mana vipers
  A wolf spider (Vaults:2)
  4 titan simulacra (Coc:7)
  A hornet (shapeshifter) (D:14)
  2 salamanders (shapeshifter)
  An elephant (shapeshifter) (Abyss:5)
  A guardian serpent (shapeshifter) (Depths:5)
  A spectral alligator (Swamp:3)
  78 ugly things
  3 storm dragon simulacra
  3 dire elephant zombies
  3 frost giant skeletons
  15 worldbinders
  9 stone giant skeletons
  41 sixfirhies
  3 molten gargoyles (Depths:3)
  Joseph (D:10)
  41 orange demons
  2 manticores
  10 rust devils
  6 eyes of devastation
  8 elephants
  42 black mambas
  5 centaur zombies
  34 naga magi
  10 apocalypse crabs
  3 torpor snails
  53 smoke demons
  18 vault sentinels
  A shock serpent skeleton (Tomb:2)
  2 gargoyles
  2 orange crystal statues (Depths:2)
  29 spiny frogs
  2 torpor snails (shapeshifter)
  7 centaur skeletons
  A minotaur skeleton (Swamp:3)
  Psyche (D:9)
  A black mamba (shapeshifter) (Vaults:4)
  3 kobold demonologists
  A yellow draconian zombie (Crypt:2)
  124 large abominations
  A spiny frog (shapeshifter) (Depths:1)
  20 efreet
  2 dire elephant skeletons
  2 emperor scorpion zombies
  18 hellions
  16 tormentors
  6 anaconda simulacra
  12 komodo dragons
  46 red devils
  46 guardian mummies
  88 yaktaurs
  A death yak skeleton (Depths:1)
  A golden dragon simulacrum (Abyss:5)
  36 blue devils
  58 hellwings
  4 yaktaur skeletons
  4 demonic crawlers
  2 spectral merfolk (Depths:2)
  5 wandering mushrooms
  17 hydra zombies
  2 harpy zombies
  9 trolls
  47 two-headed ogres
  17 deep elf priests
  A jumping spider (shapeshifter) (Vaults:2)
  9 fire drakes
  A jumping spider (Crypt:3)
  23 ancient zymes
  A merfolk (Abyss:5)
  An iron troll skeleton (Depths:3)
  80 fire vortices
  A baby alligator (shapeshifter) (Vaults:2)
  A polar bear (Lair:3)
  5 giant leeches
  3 harpy skeletons
  A silent spectre (Crypt:3)
  A hornet zombie (Crypt:1)
  A wind drake (shapeshifter) (Vaults:5)
  8 boulder beetles
  A snapping turtle (shapeshifter) (Depths:4)
  A blink frog (shapeshifter) (D:15)
  A queen bee (shapeshifter) (Vaults:5)
  43 freezing wraiths
  11 hydra skeletons
  A frost giant simulacrum (Abyss:5)
  99 slime creatures
  7 human skeletons
  3 ettin zombies
  15 bog bodies
  10 ushabtiu
  5 fire dragon zombies
  3 wind drakes (Depths:3)
  22 blink frogs
  79 raiju
  6 air elementals
  2 stone giant simulacra
  A tarantella zombie (Crypt:2)
  A raiju (shapeshifter) (Vaults:5)
  7 alligator zombies
  10 ettin skeletons
  An alligator skeleton (Coc:7)
  2 black mamba zombies
  2 trapdoor spiders
  34 shadows
  6 basilisks
  100 flying skulls
  20 ravens
  A tarantella (shapeshifter) (Vaults:4)
  4 fire dragon skeletons
  7 ice dragon zombies
  24 water elementals
  A human (shapeshifter) (Vaults:2)
  A griffon skeleton (Vaults:2)
  15 redbacks
  33 deep elf magi
  12 golden eyes
  A golden eye (shapeshifter) (Depths:5)
  6 ice dragon skeletons
  27 wraiths
  71 yaks
  40 ynoxinuls
  32 neqoxecs
  18 vampires
  Eustachio (D:5)
  A hog (shapeshifter) (Abyss:3)
  18 fire elementals
  10 hungry ghosts
  Grum (D:9)
  5 wyverns
  A hill giant skeleton (Depths:3)
  7 hippogriffs
  32 vampire mosquitoes
  A black mamba skeleton (Coc:4)
  8 insubstantial wisps
  18 wolves
  17 chaos spawn
  A wolf (shapeshifter) (Elf:1)
  40 deep elf fighters
  A catoblepas simulacrum (Crypt:2)
  A water nymph zombie (Crypt:1)
  Edmund (D:7)
  24 spatial vortices
  3 mottled dragons
  31 swamp worms
  Menkaure (D:4)
  8 human zombies
  A monstrous demonspawn zombie (Abyss:4)
  12 wargs
  8 spiny frog zombies
  7 raven skeletons
  68 nagas
  2 hydra simulacra
  A minotaur simulacrum (Depths:2)
  A porcupine (shapeshifter) (D:13)
  A monstrous demonspawn skeleton (Crypt:1)
  3 deep troll skeletons
  26 hell hounds
  A faun skeleton (Crypt:1)
  An ice beast (shapeshifter) (Elf:1)
  28 ice beasts
  12 porcupines
  2 sky beasts
  60 orc warriors
  A putrid demonspawn skeleton (Crypt:2)
  2 spiders (Crypt:3)
  3 spiny frog skeletons
  2 swamp dragon zombies
  12 wasps
  4 black bears
  3 spectral spriggans (Depths:2)
  2 black bears (shapeshifter)
  An alligator simulacrum (Coc:1)
  9 eyes of draining
  A fire dragon simulacrum (Coc:3)
  A merfolk skeleton (Coc:1)
  24 necrophages
  49 water moccasins
  7 phantoms
  5 snapping turtle zombies
  11 swamp drakes
  A manticore zombie (Coc:2)
  2 ettin simulacra (Hell)
  3 boggarts (Depths:1)
  An anubis guard zombie (Tomb:1)
  3 snapping turtle skeletons
  An eye of draining (shapeshifter) (Vaults:2)
  A blink frog skeleton (Lair:7)
  27 centaurs
  10 orc skeletons
  5 swamp dragon skeletons
  A manticore skeleton (Coc:7)
  A boring beetle (shapeshifter) (Depths:5)
  18 crocodiles
  Sigmund (D:6)
  A boring beetle (Lair:3)
  8 lost souls
  82 ogres
  A brain worm (Abyss:2)
  A draconian zombie (Crypt:2)
  3 elf zombies
  52 small abominations
  A brain worm (shapeshifter) (Depths:1)
  A fire crab zombie (Crypt:2)
  28 giant frogs
  2 big kobolds
  A wyvern zombie (D:9)
  A fire drake skeleton (Swamp:5)
  6 earth elementals
  A merfolk simulacrum (Depths:2)
  2 spiny frog simulacra
  2 hell hound skeletons (Depths:1)
  6 scorpions
  26 killer bees
  3 spectral ogres (Depths:2)
  2 water moccasin skeletons
  2 oklob saplings (D:9)
  3 spectral nagas (Depths:2)
  A warg skeleton (Depths:1)
  29 wights
  2 electric eels
  26 jellies
  2 yak skeletons (D:13)
  2 spectral centaurs (Depths:2)
  A lava snake (Swamp:5)
  4 goliath beetles
  17 crimson imps
  A hound (shapeshifter) (Vaults:3)
  3 giant frog zombies
  49 orc priests
  2 giant frog skeletons
  Crazy Yiuf (D:3)
  11 hounds
  3 two-headed ogre skeletons
  An iron imp (Pan)
  A bog body skeleton (Swamp:4)
  4 elf skeletons
  50 orc wizards
  8 iguanas
  9 quasits
  2 hell rats (Elf:1)
  21 worker ants
  2 killer bee zombies
  A spriggan simulacrum (Depths:2)
  A brain worm zombie (Crypt:1)
  A centaur simulacrum (Depths:2)
  2 hound zombies
  A mottled dragon zombie (Crypt:2)
  8 ogre skeletons
  41 sheep
  A mottled dragon skeleton (Swamp:5)
  3 naga skeletons (Snake:5)
  A big kobold skeleton (Vaults:1)
  A necrophage skeleton (Swamp:4)
  56 mummies
  4 gnolls
  2 naga simulacra
  2 giant mites
  A swamp drake skeleton (Swamp:3)
  32 adders
  57 river rats
  9 shadow imps
  13 white imps
  A giant eyeball (Depths:2)
  2 worms
  26 ufetubi
  3 adder skeletons
  3 adder zombies
  2 sheep skeletons (Vaults:2)
  A sheep zombie (Crypt:1)
  2 oozes (Abyss:5)
  221 orcs
  15 bats
  A bat skeleton (D:7)
  2 bat zombies (D:8)
  30 hobgoblins
  15 jackals
  44 kobolds
  5 ball pythons
  9 giant cockroaches
  6 giant geckos
  9 giant newts
  A giant newt skeleton (Crypt:2)
  4 giant spores
  28 goblins
  2 goblin skeletons
  A jackal skeleton (D:8)
  A kobold skeleton (Bailey)
  2 kobold zombies
  4 lurking horrors
  18 quokkas
  17 rats
  A rat skeleton (Crypt:1)
  11 ballistomycetes
  26 blocks of ice
  4 crawling corpses (Elf:3)
  6 fungi
  3 grand avatars (Pan)
  16 plants
  13 starspawn tentacles
  8 starspawn tentacle segments
  A tentacle (Coc:6)
  A tentacle segment (Coc:2)
6479 creatures vanquished.

Vanquished Creatures (collateral kills)
  Gloorx Vloq (Pan)
  A golden dragon (Depths:4)
  A tentacled starspawn (Abyss:1)
  2 acid blobs
  An octopode crusher (Depths:1)
  A sphinx (Vaults:3)
  Kirke (Snake:3)
  A shadow dragon (Depths:2)
  2 storm dragons
  A fire giant (Depths:1)
  2 frost giants (Depths:4)
  A draconian scorcher (Zot:3)
  A cacodemon (Pan)
  An emperor scorpion (Tomb:3)
  2 angels (Pan)
  A draconian annihilator (Zot:5)
  2 very ugly things
  2 stone giants (Depths:3)
  A draconian shifter (Zot:1)
  An ophan (Pan)
  An apis (Pan)
  A deep elf annihilator (Elf:3)
  A grey draconian (Zot:4)
  A yellow draconian (Zot:5)
  A dire elephant (Depths:4)
  A pale draconian (Zot:4)
  A mottled draconian (Zot:4)
  A fire dragon (Swamp:5)
  A great orb of eyes (Depths:3)
  A rakshasa (Depths:5)
  2 naga warriors
  A hydra (Swamp:3)
  A catoblepas (Lair:8)
  2 anacondas
  A deep troll shaman (Lair:8)
  An ogre mage (Vaults:4)
  A death yak (Lair:8)
  4 shock serpents
  2 naga sharpshooters
  2 orc high priests
  A wretched star (Abyss:2)
  A deep elf knight (Elf:1)
  4 hell knights
  2 skeletal warriors
  2 cherubim (Pan)
  A deep elf summoner (Depths:3)
  5 starcursed masses
  A flayed ghost (Depths:4)
  A swamp dragon (Swamp:5)
  4 deep trolls
  An ironbrand convoker (Vaults:5)
  3 necromancers (Depths:4)
  A golden dragon skeleton (Tomb:3)
  3 naga ritualists
  A deep elf conjurer (Elf:1)
  10 ugly things
  An iron dragon zombie (Coc:7)
  3 salamanders
  A fire giant zombie (Tomb:2)
  5 slime creatures
  2 griffons (Vaults:2)
  A mana viper (Snake:5)
  A sixfirhy (Pan)
  A sphinx skeleton (Depths:4)
  A moth of wrath (Zot:4)
  A frost giant skeleton (Depths:4)
  2 phantasmal warriors
  A vault sentinel (Vaults:3)
  2 elephants
  A guardian serpent (Snake:1)
  An apocalypse crab (Abyss:2)
  A torpor snail (Depths:3)
  6 black mambas
  A spiny frog (Swamp:3)
  3 ravens (Depths:1)
  2 catoblepas zombies (Crypt:3)
  An emperor scorpion zombie (Crypt:2)
  An ancient zyme (Abyss:5)
  A spectral merfolk (Depths:2)
  2 fire drakes
  2 two-headed ogres
  9 yaktaurs
  A giant leech (Swamp:1)
  A raiju (Abyss:5)
  2 ice dragon zombies
  A blue devil (Coc:7)
  3 small abominations
  A fire dragon skeleton (Coc:7)
  A redback (Vaults:4)
  3 ice dragon skeletons
  A wraith (Abyss:5)
  4 vampire mosquitoes (Vaults:2)
  3 nagas
  3 wargs
  3 hogs (Snake:3)
  A swamp worm (Swamp:3)
  3 insubstantial wisps (Swamp:5)
  2 mottled dragons (Swamp:5)
  A hell hound (Depths:1)
  7 deep elf fighters
  A wolf (Lair:8)
  An electric eel (Snake:1)
  2 raven skeletons (Crypt:3)
  A spectral troll (Depths:2)
  A porcupine (Lair:7)
  2 orc warriors
  6 ogres
  3 water moccasins (Snake:4)
  A large abomination (Pan)
  An elf simulacrum (Depths:4)
  A crocodile (Lair:8)
  A centaur (D:12)
  A brain worm (shapeshifter) (Elf:2)
  A big kobold (Vaults:1)
  A human skeleton (Vaults:3)
  3 giant frogs
  A wyvern skeleton (D:12)
  A wight (D:6)
  A spectral centaur (Depths:2)
  A crimson imp (D:13)
  3 jellies
  A hell rat (Elf:2)
  A worker ant (Abyss:5)
  2 sheep (D:13)
  A mummy (Tomb:1)
  An adder (Lair:8)
  An orc zombie (Orc:4)
  20 orcs
  2 kobolds (D:8)
  A quokka (D:12)
  A ball python (Snake:1)
  A crawling corpse (Elf:3)
  4 fungi
  3 plants (Lair:8)
  A starspawn tentacle (Abyss:1)
262 creatures vanquished.

Vanquished Creatures (others)
  A titan (Pan)
  A tentacled starspawn (Abyss:5)
  A very ugly thing (Vaults:3)
  A corrupter (Pan)
  A black sun (Pan)
  A green death (Pan)
  3 very ugly thing skeletons
  A quicksilver dragon skeleton (Depths:4)
  A hydra (Swamp:5)
  A sun demon (Abyss:5)
  A spatial maelstrom (Depths:4)
  A ghost moth zombie (Geh:3)
  A storm dragon skeleton (Vaults:5)
  8 ball lightnings (Pan)
  A flayed ghost (Depths:3)
  An anaconda zombie (Tomb:2)
  20 death scarabs
  A lindwurm (Swamp:5)
  2 swamp dragons (Swamp:5)
  5 anaconda skeletons
  A hill giant (Depths:2)
  2 anubis guards (Tomb:1)
  3 moths of wrath (Zot:5)
  A tengu skeleton (Depths:3)
  3 sphinx skeletons
  2 shadow dragon skeletons
  3 fire giant skeletons
  2 iron dragon skeletons
  A smoke demon (Pan)
  3 draconian skeletons (Depths:5)
  5 frost giant skeletons
  7 stone giant skeletons
  2 shock serpent skeletons
  2 dire elephant skeletons
  11 death yak skeletons
  2 iron troll skeletons
  A catoblepas skeleton (Depths:4)
  A guardian mummy (Tomb:2)
  2 purple draconian skeletons (Depths:5)
  A sea snake skeleton (Snake:1)
  812 fire vortices
  A death drake skeleton (Depths:1)
  A harpy skeleton (Vaults:1)
  A hydra skeleton (Swamp:5)
  8 flying skulls
  2 ettin skeletons
  An alligator skeleton (Swamp:3)
  3 spriggan skeletons (Depths:3)
  17 ugly thing skeletons
  A ynoxinul (Pan)
  A guardian serpent skeleton (Snake:5)
  4 ice dragon skeletons
  9 black mamba skeletons
  4 fire dragon skeletons
  A vampire mosquito (Swamp:5)
  A human (Snake:4)
  3 raven skeletons
  2 hill giant skeletons
  A large abomination (Abyss:5)
  A hydra simulacrum (Hell)
  22 human skeletons
  25 deep troll skeletons
  2 spiny frog skeletons
  An ogre (Vaults:4)
  An elephant skeleton (Lair:8)
  2 fire drake skeletons (Swamp:5)
  A blink frog skeleton (Swamp:2)
  2 lost souls
  A hog skeleton (Snake:3)
  26 naga skeletons
  27 yaktaur skeletons
  12 salamander skeletons
  58 elf skeletons
  3 cyclops skeletons
  2 hell hound skeletons (Depths:2)
  4 water moccasin skeletons
  4 warg skeletons
  A troll skeleton (D:12)
  5 yak skeletons
  A wolf skeleton (Lair:8)
  8 centaur skeletons
  An iron imp (Abyss:5)
  A black bear skeleton (D:8)
  10 two-headed ogre skeletons
  A porcupine skeleton (Lair:4)
  18 ogre skeletons
  A small abomination (Abyss:5)
  A hound skeleton (Lair:4)
  2 mummies (Tomb:2)
  A swamp drake skeleton (Swamp:4)
  A white imp (Abyss:5)
  An adder skeleton (Snake:1)
  3 sheep skeletons
  5 orcs
  A goblin (D:6)
  A ball python skeleton (Snake:1)
  4 giant spores
  2 goblin skeletons
  2 hobgoblin skeletons
  4 kobold skeletons
  6 lurking horrors
  60 orc skeletons
  5 river rat skeletons (Lair:8)
  A ballistomycete (D:14)
  248 blocks of ice
  5 briar patches (Swamp:5)
  7 bushes
  52 fungi
  62 plants
  49 starspawn tentacles
  239 starspawn tentacle segments
  15 tentacles
  136 tentacle segments
2135 creatures vanquished.

Grand Total: 8876 creatures vanquished

Notes
Turn   | Place    | Note
--------------------------------------------------------------
     0 | D:1      | faibistes, the Deep Elf Wizard, began the quest for the Orb.
     0 | D:1      | Reached XP level 1. HP: 10/10 MP: 6/6
   442 | D:1      | Reached XP level 2. HP: 15/15 MP: 5/10
   485 | D:1      | Learned a level 2 spell: Blink
   488 | D:1      | Learned a level 2 spell: Call Imp
   616 | D:1      | Reached skill level 5 in Spellcasting
  1448 | D:4      | Got an ominously black robe
  1453 | D:5      | Entered Level 5 of the Dungeon
  1453 | D:5      | Noticed Eustachio
  1474 | D:2      | Identified the cursed -2 robe "Asuot" {Str+3 SInv} (You found it on level 4 of the Dungeon)
  1479 | D:2      | Reached XP level 3. HP: 13/19 MP: 8/14
  1490 | D:2      | Learned a level 3 spell: Conjure Flame
  1494 | D:2      | Learned a level 3 spell: Mephitic Cloud
  2231 | D:2      | Learned a level 2 spell: Repel Missiles
  3020 | D:3      | Reached XP level 4. HP: 24/24 MP: 14/17
  3272 | D:3      | Reached skill level 6 in Spellcasting
  3470 | D:4      | Reached XP level 5. HP: 22/28 MP: 15/20
  3744 | D:3      | Found a shimmering altar of Xom.
  4375 | D:3      | Found an iron altar of Okawaru.
  4915 | D:3      | Noticed Crazy Yiuf
  4925 | D:3      | Killed Crazy Yiuf
  5075 | D:4      | Reached XP level 6. HP: 32/32 MP: 13/22
  5202 | D:4      | Reached skill level 7 in Spellcasting
  5233 | D:4      | Found a radiant altar of Vehumet.
  5584 | D:4      | Reached skill level 1 in Fighting
  5757 | D:4      | Noticed Menkaure
  5769 | D:4      | Killed Menkaure
  5769 | D:4      | Reached skill level 1 in Evocations
  5769 | D:4      | Reached XP level 7. HP: 29/38 MP: 21/25
  6130 | D:6      | Reached skill level 8 in Spellcasting
  6617 | D:6      | Found a snail-covered altar of Cheibriados.
  7096 | D:5      | Found a staircase to the Ecumenical Temple.
  7106 | Temple   | Entered the Ecumenical Temple
  7169 | Temple   | Became a worshipper of Sif Muna the Loreminder
  7220 | D:5      | Killed Eustachio
  7890 | D:6      | Reached XP level 8. HP: 38/45 MP: 19/27
  8151 | D:6      | Reached skill level 1 in Fire Magic
  8151 | D:6      | Reached skill level 1 in Poison Magic
  8286 | D:6      | Noticed Sigmund
  8298 | D:6      | Killed Sigmund
  8298 | D:6      | Reached skill level 1 in Air Magic
  8469 | D:6      | Acquired Sif Muna's first power
  8535 | D:6      | Reached skill level 5 in Dodging
  8535 | D:6      | Reached skill level 9 in Spellcasting
  8925 | D:7      | Noticed Edmund
  8977 | D:7      | Killed Edmund
  8977 | D:7      | Reached skill level 5 in Conjurations
  9405 | D:7      | Acquired Sif Muna's second power
  9504 | D:7      | Reached XP level 9. HP: 49/49 MP: 11/29
 10915 | D:8      | Reached skill level 10 in Spellcasting
 10969 | D:8      | Reached skill level 1 in Invocations
 10986 | D:8      | Found a basalt altar of Yredelemnul.
 11059 | D:8      | Reached skill level 1 in Charms
 11402 | D:8      | Found Zaovvysk's Antique Weapon Emporium.
 11411 | D:8      | Bought a smoking quarterstaff for 189 gold pieces
 11411 | D:8      | Identified the -2 quarterstaff of Lies {holy, rC++ MR- Dex+3} (You bought it in a shop on level 8 of the Dungeon)
 11534 | D:8      | Found a staircase to the Lair.
 11535 | D:8      | Noticed a komodo dragon
 11567 | D:8      | Killed a komodo dragon
 11762 | D:8      | Reached XP level 10. HP: 55/55 MP: 23/31
 12188 | D:9      | Noticed a two-headed ogre
 12197 | D:9      | Killed a two-headed ogre
 12223 | D:9      | Lost strength.
 12419 | D:9      | Noticed a troll
 12430 | D:9      | Killed a troll
 12430 | D:9      | Acquired Sif Muna's third power
 12602 | D:9      | Noticed Grum
 12632 | D:9      | Killed Grum
 12902 | D:9      | Reached skill level 11 in Spellcasting
 12902 | D:9      | Reached skill level 5 in Fire Magic
 13136 | D:9      | Learned a level 4 spell: Petrify
 13142 | D:9      | Learned a level 5 spell: Ignite Poison
 13144 | D:9      | Learned a level 1 spell: Animate Skeleton
 13330 | D:9      | Noticed Psyche
 13406 | D:9      | Killed Psyche
 13548 | D:10     | Entered Level 10 of the Dungeon
 13754 | D:9      | Reached skill level 1 in Earth Magic
 13772 | D:9      | Reached skill level 1 in Transmutations
 13901 | Lair:1   | Entered Level 1 of the Lair of Beasts
 14095 | Lair:2   | Reached skill level 1 in Necromancy
 14753 | Lair:1   | Reached XP level 11. HP: 54/60 MP: 11/33
 15577 | Lair:2   | Noticed a four-headed hydra
 15592 | Lair:2   | Killed a four-headed hydra
 16165 | Lair:3   | Reached skill level 5 in Invocations
 16171 | Lair:3   | Reached skill level 5 in Charms
 16207 | Lair:3   | Reached skill level 5 in Evocations
 16248 | Lair:3   | Noticed a seven-headed hydra
 16332 | Lair:2   | Received a gift from Sif Muna
 16333 | Lair:2   | Identified Kohizy's Reference Book on the Traveller (Sif Muna gifted it to you on level 2 of the Lair of Beasts)
 16448 | Lair:2   | Reached skill level 12 in Spellcasting
 16643 | Lair:3   | Killed a seven-headed hydra
 16961 | Lair:3   | Reached skill level 5 in Translocations
 16987 | Lair:3   | Found a staircase to the Swamp.
 16987 | Lair:3   | Noticed a swamp dragon
 17136 | Lair:3   | Killed a swamp dragon
 17557 | Lair:3   | Reached XP level 12. HP: 66/66 MP: 23/35
 19510 | Lair:2   | Reached skill level 5 in Earth Magic
 20092 | Lair:3   | Noticed an eight-headed hydra
 20102 | Lair:3   | Killed an eight-headed hydra
 20903 | Lair:3   | Got an iridescent rapier
 20904 | Lair:3   | Identified the cursed +0 rapier of Drought {drain, -Cast Int+5} (You found it on level 3 of the Lair of Beasts)
 21868 | Lair:4   | Found a staircase to the Snake Pit.
 21882 | Lair:4   | Reached skill level 13 in Spellcasting
 22623 | Lair:4   | Received a gift from Sif Muna
 22624 | Lair:4   | Identified Sif Muna's Catalogue of Fetching Conjuration (Sif Muna gifted it to you on level 4 of the Lair of Beasts)
 22632 | Lair:4   | Learned a level 3 spell: Dazzling Spray
 22767 | Lair:5   | Reached XP level 13. HP: 66/72 MP: 23/36
 24415 | Lair:4   | Reached skill level 5 in Fighting
 24470 | Lair:4   | Noticed a fire dragon
 24478 | Lair:4   | a fire dragon changed into an ettin
 26990 | Lair:6   | Found a staircase to the Slime Pits.
 27874 | Lair:7   | Identified a scroll of acquirement
 27875 | Lair:7   | Identified the Incunabulum of Arcane Weapons and Heat (You acquired it on level 7 of the Lair of Beasts)
 27882 | Lair:7   | Learned a level 5 spell: Fireball
 27905 | Lair:7   | Learned a level 5 spell: Iskenderun's Battlesphere
 27960 | Lair:8   | Entered Level 8 of the Lair of Beasts
 28365 | Lair:7   | Noticed Harold
 28397 | Lair:7   | Killed Harold
 28914 | Lair:6   | Learned a level 4 spell: Sticky Flame
 29604 | Lair:6   | Reached skill level 14 in Spellcasting
 30166 | Lair:6   | Received a gift from Sif Muna
 30167 | Lair:6   | Identified Sif Muna's Incunabulum of Ignition (Sif Muna gifted it to you on level 6 of the Lair of Beasts)
 30307 | Lair:7   | Reached XP level 14. HP: 78/78 MP: 18/38
 31345 | Lair:8   | Noticed Erica
 31369 | Lair:7   | Killed Erica
 33459 | Lair:8   | Got a transparent flail
 33460 | Lair:8   | Identified the cursed -1 flail "Itaistuh" {venom, Str+2 Dex+2} (You found it on level 8 of the Lair of Beasts)
 34487 | D:9      | Noticed a wandering mushroom
 34491 | D:9      | Killed a wandering mushroom
 34551 | D:9      | Noticed a wandering mushroom
 34554 | D:9      | Killed a wandering mushroom
 34616 | D:9      | Noticed a wandering mushroom
 34619 | D:9      | Killed a wandering mushroom
 34690 | D:9      | Found a blossoming altar of Fedhas.
 34690 | D:9      | Noticed a wandering mushroom
 34697 | D:9      | Killed a wandering mushroom
 34697 | D:9      | Received a gift from Sif Muna
 35269 | D:9      | Found a stormy altar of Qazlal.
 35275 | D:9      | Found an ancient bone altar of Kikubaaqudgha.
 35480 | D:10     | Found a staircase to the Orcish Mines.
 35802 | D:10     | Noticed Joseph
 35806 | D:10     | Killed Joseph
 36587 | D:10     | Reached skill level 10 in Invocations
 36622 | D:10     | Found a glowing golden altar of the Shining One.
 36822 | Orc:1    | Entered Level 1 of the Orcish Mines
 37129 | Orc:4    | Entered Level 4 of the Orcish Mines
 37243 | Orc:1    | Found a deep blue altar of Sif Muna.
 38019 | Orc:1    | Noticed Snorg
 38027 | Orc:1    | Killed Snorg
 39288 | Orc:2    | Found a radiant altar of Vehumet.
 40109 | Orc:3    | Found a staircase to the Elven Halls.
 40337 | Orc:4    | Reached skill level 15 in Spellcasting
 41265 | Orc:4    | Noticed an orc warlord
 41710 | Orc:3    | Killed an orc warlord
 41710 | Orc:3    | Reached XP level 15. HP: 84/84 MP: 5/39
 42435 | Orc:4    | Found Cuiraut's Food Shop.
 42435 | Orc:4    | Found Claahiaw's Weapon Boutique.
 42436 | Orc:4    | Found Schoriet's Weapon Boutique.
 42439 | Orc:4    | Found Ycve's Magic Scroll Shop.
 42445 | Orc:4    | Bought a scroll of remove curse for 48 gold pieces
 42445 | Orc:4    | Bought a scroll of immolation for 56 gold pieces
 42445 | Orc:4    | Bought a scroll of teleportation for 48 gold pieces
 42445 | Orc:4    | Bought a scroll of identify for 32 gold pieces
 42445 | Orc:4    | Bought a scroll of remove curse for 48 gold pieces
 42445 | Orc:4    | Bought a scroll of fog for 32 gold pieces
 42445 | Orc:4    | Bought a scroll of recharging for 152 gold pieces
 42913 | Elf:1    | Entered Level 1 of the Elven Halls
 44049 | Elf:1    | Reached skill level 10 in Dodging
 44057 | Elf:1    | Reached skill level 10 in Conjurations
 44610 | Elf:1    | Reached skill level 10 in Fire Magic
 45226 | Elf:2    | Noticed Jorgrun
 45232 | Elf:2    | Killed Jorgrun
 45232 | Elf:2    | Received a gift from Sif Muna
 45234 | Elf:2    | Identified Sif Muna's Handbook of Blows and Bruises (Sif Muna gifted it to you on level 2 of the Elven Halls)
 45877 | Elf:2    | Reached skill level 10 in Earth Magic
 46544 | Lair:2   | Learned a level 3 spell: Stone Arrow
 46824 | Elf:2    | Found a huge runed gate.
 46824 | Elf:2    | Found a huge runed gate.
 46824 | Elf:2    | Found a huge runed gate.
 46825 | Elf:2    | Found a huge runed gate.
 46826 | Elf:2    | Found a huge runed gate.
 47034 | Elf:2    | Reached skill level 16 in Spellcasting
 47438 | Elf:2    | Reached XP level 16. HP: 90/90 MP: 31/40
 47868 | Elf:2    | Received a gift from Sif Muna
 47885 | Elf:2    | HP: 3/90 [triple sword of flaming (9)]
 48214 | Elf:2    | Identified Sif Muna's Disquisition on Flying Conjuration (Sif Muna gifted it to you on level 2 of the Elven Halls)
 48222 | Elf:2    | Learned a level 6 spell: Bolt of Fire
 48673 | Snake:1  | Entered Level 1 of the Snake Pit
 48789 | Snake:1  | Reached skill level 10 in Charms
 49444 | Snake:1  | Noticed Aizul
 49450 | Snake:1  | Killed Aizul
 50008 | Snake:1  | Noticed Agnes
 50035 | Snake:1  | Killed Agnes
 51545 | Snake:2  | Noticed Frances
 51549 | Snake:2  | Killed Frances
 52470 | Snake:2  | Noticed Wiglaf
 52470 | Snake:2  | Reached skill level 17 in Spellcasting
 52474 | Snake:2  | Killed Wiglaf
 52653 | Snake:2  | Got an ebony whip
 52654 | Snake:2  | Identified the +3 whip "Dragonslayer" {flame, rC+ MR+ Str+4} (You found it on level 2 of the Snake Pit)
 53216 | Slime:1  | Entered Level 1 of the Pits of Slime
 53216 | Slime:1  | Noticed an acid blob
 53216 | Slime:1  | Noticed an acid blob
 54058 | Snake:4  | Noticed Donald
 54064 | Snake:4  | Killed Donald
 54064 | Snake:4  | Received a gift from Sif Muna
 54064 | Snake:4  | Reached XP level 17. HP: 96/96 MP: 12/41
 54065 | Snake:4  | Identified Sif Muna's Disquisition on Aid and the Birds (Sif Muna gifted it to you on level 4 of the Snake Pit)
 54241 | Lair:2   | Learned a level 6 spell: Deflect Missiles
 54251 | Lair:2   | Learned a level 6 spell: Haste
 55282 | Snake:4  | Noticed Kirke
 55288 | Snake:3  | Killed Kirke
 56241 | Snake:4  | Identified a +0 pair of boots of running (You found it on level 4 of the Snake Pit)
 56920 | Snake:5  | Entered Level 5 of the Snake Pit
 57467 | Snake:4  | Received a gift from Sif Muna
 57961 | Swamp:1  | Entered Level 1 of the Swamp
 58564 | Swamp:1  | Reached skill level 10 in Translocations
 59218 | Swamp:2  | Reached skill level 18 in Spellcasting
 59560 | Lair:2   | Learned a level 7 spell: Ring of Flames
 61227 | Swamp:3  | Noticed Asterion
 61231 | Swamp:3  | Killed Asterion
 62213 | Swamp:3  | Your ally Asterion died
 63104 | Swamp:3  | Reached XP level 18. HP: 103/103 MP: 35/43
 63511 | Swamp:5  | Entered Level 5 of the Swamp
 63523 | Swamp:5  | Received a gift from Sif Muna
 63526 | Swamp:5  | Identified Sif Muna's Incunabulum of Spatial Good Luck (Sif Muna gifted it to you on level 5 of the Swamp)
 69261 | D:14     | Found a white marble altar of Elyvilon.
 69328 | D:14     | Found a flagged portal.
 69410 | Bailey   | Entered a bailey
 70351 | D:13     | Received a gift from Sif Muna
 70353 | D:13     | Identified Sif Muna's Compendium of Displacement and Companions (Sif Muna gifted it to you on level 13 of the Dungeon)
 70418 | D:13     | Found a gate to the Vaults.
 70787 | Lair:2   | Learned a level 4 spell: Force Lance
 71592 | D:13     | Reached skill level 19 in Spellcasting
 71920 | D:15     | Entered Level 15 of the Dungeon
 71936 | D:15     | Noticed Urug
 71939 | D:15     | Killed Urug
 71948 | D:15     | Found Ganyha's Book Shop.
 74980 | D:15     | Reached XP level 19. HP: 108/108 MP: 42/44
 75037 | D:15     | Noticed Fannar
 75057 | D:15     | Killed Fannar
 75528 | D:15     | Received a gift from Sif Muna
 75531 | D:15     | Identified Sif Muna's Incunabulum of Lucky Combat Magic (Sif Muna gifted it to you on level 15 of the Dungeon)
 75912 | Lair:2   | Learned a level 6 spell: Iron Shot
 76525 | D:15     | Found a staircase to the Depths.
 77167 | Snake:5  | Noticed Rupert
 77171 | Snake:5  | Killed Rupert
 79651 | Snake:5  | Received a gift from Sif Muna
 79710 | Snake:5  | Identified Sif Muna's Grimoire of Ashen Combat Magic (Sif Muna gifted it to you on level 5 of the Snake Pit)
 79859 | Snake:5  | Reached skill level 20 in Spellcasting
 80044 | Snake:5  | Reached skill level 15 in Fire Magic
 82372 | Snake:5  | Got a serpentine rune of Zot
 82664 | Lair:2   | Learned a level 7 spell: Controlled Blink
 83885 | Swamp:5  | Reached XP level 20. HP: 116/116 MP: 40/45
 84536 | Swamp:5  | Received a gift from Sif Muna
 84537 | Swamp:5  | Identified Sif Muna's Reference Book on Stones (Sif Muna gifted it to you on level 5 of the Swamp)
 84648 | Swamp:5  | Got a decaying rune of Zot
 85385 | Vaults:1 | Entered Level 1 of the Vaults
 86078 | Vaults:1 | Reached skill level 15 in Earth Magic
 87270 | Vaults:1 | Reached skill level 15 in Conjurations
 88417 | Lair:2   | Learned a level 5 spell: Lee's Rapid Deconstruction
 89440 | Vaults:3 | Found a flickering gateway to a bazaar.
 89455 | Bazaar   | Entered a bazaar
 89455 | Bazaar   | Found Schuuhoky's Gadget Boutique.
 89612 | Bazaar   | Found Oguelan's Assorted Antiques.
 89631 | Bazaar   | Found Ewuuch's Assorted Antiques.
 89643 | Bazaar   | Found Croynloo's Weapon Shop.
 89663 | Bazaar   | Bought a potion of curing for 81 gold pieces
 89675 | Bazaar   | Bought a wand of teleportation (5) for 243 gold pieces
 89683 | Bazaar   | Bought a scroll of teleportation for 105 gold pieces
 89683 | Bazaar   | Bought a potion of haste for 350 gold pieces
 89683 | Bazaar   | Bought 2 scrolls of magic mapping for 245 gold pieces
 90270 | Vaults:2 | Received a gift from Sif Muna
 90271 | Vaults:2 | Identified Qizxiabu's Almanac of the Assistive Compass (Sif Muna gifted it to you on level 2 of the Vaults)
 90448 | Vaults:2 | Found Qostron's Jewellery Boutique.
 90536 | Vaults:2 | Bought an uncursed amulet of the gourmand for 450 gold pieces
 93166 | Vaults:2 | Reached skill level 21 in Spellcasting
 93802 | Vaults:2 | Reached skill level 10 in Fighting
 93806 | Vaults:2 | Reached XP level 21. HP: 122/122 MP: 15/46
 94813 | Vaults:3 | Found a staircase to the Crypt.
 94813 | Vaults:3 | Found an ancient bone altar of Kikubaaqudgha.
 94814 | Vaults:3 | Found a basalt altar of Yredelemnul.
 94860 | Vaults:3 | Received a gift from Sif Muna
 95763 | Vaults:3 | Noticed Frederick
 95769 | Vaults:3 | Killed Frederick
 96345 | Vaults:3 | Noticed Sojobo
 96362 | Vaults:3 | Killed Sojobo
 97227 | Lair:2   | Learned a level 1 spell: Apportation
 97623 | Vaults:3 | Got an iridescent long sword
 97624 | Vaults:3 | Identified the +11 long sword of Saohit {drain, rPois rF+} (You found it on level 3 of the Vaults)
 97726 | Vaults:3 | Your ally Sojobo died
 98088 | Vaults:3 | Received a gift from Sif Muna
 98090 | Vaults:3 | Identified Sif Muna's Volume of Combat Magic (Sif Muna gifted it to you on level 3 of the Vaults)
 99730 | Vaults:4 | Found a portal to a secret trove of treasure.
100137 | Vaults:4 | Received a gift from Sif Muna
100137 | Vaults:4 | Reached skill level 22 in Spellcasting
100140 | Vaults:4 | Identified Sif Muna's Compendium of Lucky Dislocation (Sif Muna gifted it to you on level 4 of the Vaults)
100171 | Vaults:4 | Reached XP level 22. HP: 128/128 MP: 14/47
101748 | Depths:1 | Entered Level 1 of the Depths
104023 | Depths:3 | Received a gift from Sif Muna
104024 | Depths:3 | Identified Sif Muna's Incunabulum of Igneous Confrontation (Sif Muna gifted it to you on level 3 of the Depths)
104037 | Depths:3 | Noticed Norris
104231 | Depths:2 | Killed Norris
106794 | Depths:4 | Received a gift from Sif Muna
106797 | Depths:4 | Identified Sif Muna's Grimoire of the Birds (Sif Muna gifted it to you on level 4 of the Depths)
106905 | Depths:3 | Reached skill level 23 in Spellcasting
106905 | Depths:3 | Reached XP level 23. HP: 106/135 MP: 40/48
107939 | Depths:1 | Found a runed door.
107951 | Depths:1 | Found a gateway to Hell.
108347 | Depths:1 | Found a gateway to a ziggurat.
108359 | Depths:1 | Found Sadafat's Weapon Shoppe.
109088 | Lair:2   | Learned a level 8 spell: Lehudib's Crystal Spear
109382 | Depths:1 | Noticed faibistes' ghost (great DEWz)
109399 | Depths:1 | Killed faibistes' ghost
109551 | Depths:1 | Found a roughly hewn altar of Beogh.
111136 | Depths:2 | Received a gift from Sif Muna
111137 | Depths:2 | Identified Sif Muna's Almanac of Hedonism (Sif Muna gifted it to you on level 2 of the Depths)
114269 | Depths:2 | Noticed Maud
114273 | Depths:2 | Killed Maud
115395 | Depths:3 | Found a one-way gate leading to the halls of Pandemonium.
116151 | Depths:3 | Received a gift from Sif Muna
116152 | Depths:3 | Identified Sif Muna's Catalogue of Feathers (Sif Muna gifted it to you on level 3 of the Depths)
116158 | Depths:3 | Learned a level 4 spell: Airstrike
116758 | Depths:3 | Identified Twauhien's Volume of Pragmatism
116761 | Depths:3 | Identified the Compendium of Ice
117497 | Depths:5 | Entered Level 5 of the Depths
117835 | Depths:4 | Found a one-way gate to the infinite horrors of the Abyss.
117898 | Depths:4 | Reached skill level 24 in Spellcasting
117902 | Depths:4 | Reached XP level 24. HP: 140/140 MP: 21/48
118915 | Depths:5 | Received a gift from Sif Muna
121137 | Depths:4 | Noticed a caustic shrike
121196 | Depths:4 | Killed a caustic shrike
121579 | Depths:5 | Found Etamofim's Magic Scroll Shop.
122016 | Depths:5 | Received a gift from Sif Muna
122018 | Depths:5 | Identified Sif Muna's Almanac of Confrontation (Sif Muna gifted it to you on level 5 of the Depths)
123364 | Depths:5 | Found a gate to the Realm of Zot.
123919 | Depths:5 | Found a gateway to a ziggurat.
124533 | Lair:2   | Learned a level 9 spell: Fire Storm
124736 | Elf:3    | Entered Level 3 of the Elven Halls
125282 | Elf:3    | Identified the Catalogue of Burning Combat Magic (You found it on level 3 of the Elven Halls)
125751 | Elf:3    | Received a gift from Sif Muna
125990 | Elf:3    | Identified Sif Muna's Catalogue of Summoning (Sif Muna gifted it to you on level 3 of the Elven Halls)
126064 | Elf:3    | Cast into the Abyss (a deep elf sorcerer)
126285 | Abyss:2  | Found a bloodstained altar of Trog.
126405 | Abyss:2  | Reached XP level 25. HP: 148/148 MP: 49/49
126416 | Abyss:2  | Reached skill level 25 in Spellcasting
126668 | Abyss:2  | Found a corrupted altar of Lugonu.
126675 | Abyss:2  | Found a shimmering altar of Xom.
126769 | Abyss:2  | Found a corrupted altar of Lugonu.
127020 | Abyss:2  | Found a corrupted altar of Lugonu.
127650 | Abyss:2  | Received a gift from Sif Muna
127651 | Abyss:2  | Identified Laengax's Volume of Summoning (Sif Muna gifted it to you on level 2 of the Abyss)
127988 | Elf:3    | Escaped the Abyss
127993 | Elf:3    | Got a smoking rapier
128045 | Elf:3    | Identified the +9 rapier "Bass" {vamp, rC- Int+4} (You took it off a deep elf sorcerer on level 3 of the Elven Halls)
128449 | Elf:3    | Got a slimy bronze ring
128578 | Elf:3    | Identified the ring "Mnuonesch" {Ice Int+8} (You took it off a deep elf master archer on level 3 of the Elven Halls)
128653 | Elf:3    | Got a faintly glowing battleaxe
128654 | Elf:3    | Identified the +7 battleaxe "Uqiphuca" {flame, Str+3} (You found it on level 3 of the Elven Halls)
129013 | Lair:2   | Learned a level 9 spell: Shatter
129020 | Lair:2   | Learned a level 2 spell: Ensorcelled Hibernation
129433 | Vaults:5 | Entered Level 5 of the Vaults
129435 | Vaults:5 | Reached skill level 1 in Ice Magic
129435 | Vaults:5 | Received a gift from Sif Muna
129436 | Vaults:5 | Identified Blaimil's Volume of the Harmful Frostbite (Sif Muna gifted it to you on level 5 of the Vaults)
129551 | Vaults:5 | Noticed faibistes' ghost (great DEWz)
129891 | Vaults:5 | Noticed an ancient lich
129892 | Vaults:5 | Killed an ancient lich
130241 | Vaults:5 | Reached XP level 26. HP: 154/154 MP: 50/50
130242 | Vaults:5 | Received a gift from Sif Muna
130244 | Vaults:5 | Killed faibistes' ghost
130245 | Vaults:5 | Identified Sif Muna's Catalogue of Dark Arts (Sif Muna gifted it to you on level 5 of the Vaults)
130678 | Vaults:5 | Reached skill level 5 in Ice Magic
130917 | Vaults:5 | Reached skill level 26 in Spellcasting
131935 | Vaults:5 | Received a gift from Sif Muna
131936 | Vaults:5 | Identified Sif Muna's Tome of Necromancy (Sif Muna gifted it to you on level 5 of the Vaults)
132131 | Vaults:5 | Got a pitted amber ring
132134 | Vaults:5 | Identified the ring "Psuuxoh" {rF- rC+ rN+ Int+5 Stlth-} (You took it off a tengu reaver on level 5 of the Vaults)
132944 | Vaults:5 | Got a transparent turquoise ring
132946 | Vaults:5 | Identified the ring of Phoem {+Fly rElec rPois rF++ rN+ Dex-5} (You took it off a deep elf death mage on level 5 of the Vaults)
133158 | Vaults:5 | Got a warped battleaxe
133159 | Vaults:5 | Identified the -1 battleaxe "Bung" {drain, +Fly rC+ rN+ MR+} (You found it on level 5 of the Vaults)
133437 | Vaults:5 | Got an ichor-stained falchion
133438 | Vaults:5 | Identified the +8 falchion "Jellybane" {elec, rN+ Str-3 Int+9 Dex-2} (You found it on level 5 of the Vaults)
133670 | Vaults:5 | Got a scorched tin amulet
133676 | Vaults:5 | Identified the amulet "Pratt" {Regen+ Str+4 Int+5 Stlth-} (You took it off a yaktaur captain on level 5 of the Vaults)
133696 | Vaults:5 | Found Dualorud's Antique Weapon Shoppe.
134300 | Vaults:5 | Got a silver rune of Zot
134760 | Lair:2   | Learned a level 4 spell: Airstrike
134768 | Lair:2   | Learned a level 6 spell: Bolt of Cold
135671 | Zot:1    | Entered Level 1 of the Realm of Zot
135671 | Zot:1    | Found a shimmering altar of Xom.
135707 | Zot:1    | Found a shimmering altar of Xom.
135780 | Zot:1    | Found a blossoming altar of Fedhas.
135955 | Zot:2    | Received a gift from Sif Muna
137585 | Zot:1    | Got a bone halberd
137586 | Zot:1    | Identified the +3 halberd "Hellblazer" {distort, Int+4} (You found it on level 1 of the Realm of Zot)
138207 | Zot:2    | Received a gift from Sif Muna
138208 | Zot:2    | Identified Sif Muna's Catalogue of the Oath (Sif Muna gifted it to you on level 2 of the Realm of Zot)
138255 | Zot:2    | Reached XP level 27. HP: 160/160 MP: 46/50
140008 | Zot:4    | Noticed an orb of fire
140012 | Zot:4    | Gained mutation: Armour fits poorly on your strangely shaped body. [an orb of fire]
140018 | Zot:4    | Killed an orb of fire
140018 | Zot:4    | Received a gift from Sif Muna
140277 | Zot:4    | Identified Sif Muna's Incunabulum of Malediction (Sif Muna gifted it to you on level 4 of the Realm of Zot)
141331 | Zot:4    | Reached skill level 10 in Ice Magic
141357 | Zot:4    | Reached skill level 27 in Spellcasting
142569 | Zot:4    | Received a gift from Sif Muna
142572 | Zot:4    | Identified Sif Muna's Handbook of Curses (Sif Muna gifted it to you on level 4 of the Realm of Zot)
142738 | Zot:5    | Entered Level 5 of the Realm of Zot
144724 | Zot:5    | Noticed an ancient lich
144725 | Zot:5    | Killed an ancient lich
144725 | Zot:5    | Received a gift from Sif Muna
144907 | Zot:5    | Noticed an ancient lich
144914 | Zot:5    | Killed an ancient lich
145391 | Zot:5    | Noticed an orb of fire
145393 | Zot:5    | Gained mutation: You are weak. (Str -2) [an orb of fire]
145394 | Zot:5    | Gained mutation: You occasionally shout uncontrollably at your foes. [an orb of fire]
145395 | Zot:5    | Killed an orb of fire
145484 | Zot:5    | Noticed an orb of fire
145484 | Zot:5    | Gained mutation: You are robust (+10% HP). [an orb of fire]
145494 | Zot:5    | Killed an orb of fire
145676 | Zot:5    | Noticed an ancient lich
145677 | Zot:5    | Killed an ancient lich
145677 | Zot:5    | Received a gift from Sif Muna
145678 | Zot:5    | Identified Sif Muna's Compendium of Hurtful Cold (Sif Muna gifted it to you on level 5 of the Realm of Zot)
145974 | Zot:5    | Noticed an ancient lich
145976 | Zot:5    | Killed an ancient lich
146541 | Zot:5    | Noticed an orb of fire
146547 | Zot:5    | Killed an orb of fire
146547 | Zot:5    | Received a gift from Sif Muna
146548 | Zot:5    | Identified Sif Muna's Incunabulum of Cold (Sif Muna gifted it to you on level 5 of the Realm of Zot)
146638 | Zot:5    | Noticed an orb of fire
146643 | Zot:5    | Killed an orb of fire
146725 | Zot:5    | Noticed an ancient lich
146729 | Zot:5    | Killed an ancient lich
147073 | Zot:5    | Noticed an ancient lich
147082 | Zot:5    | Killed an ancient lich
147082 | Zot:5    | Received a gift from Sif Muna
147083 | Zot:5    | Identified Sif Muna's Tome of Enthralling Dark Magic (Sif Muna gifted it to you on level 5 of the Realm of Zot)
147442 | Zot:4    | Lost mutation: You are weak. (Str -2) [potion of cure mutation]
147442 | Zot:4    | Lost mutation: You occasionally shout uncontrollably at your foes. [potion of cure mutation]
147442 | Zot:4    | Lost mutation: Armour fits poorly on your strangely shaped body. [potion of cure mutation]
147442 | Zot:4    | Lost mutation: You are robust (+10% HP). [potion of cure mutation]
147580 | Hell     | Entered the Vestibule of Hell
147580 | Hell     | Noticed Geryon
147586 | Hell     | Killed Geryon
148635 | Depths:5 | Learned a level 9 spell: Glaciate
149309 | Depths:5 | Received a gift from Sif Muna
149310 | Depths:5 | Identified Sif Muna's Volume of the Compass and Shape Shifting (Sif Muna gifted it to you on level 5 of the Depths)
149723 | Hell     | Found a gateway to the Iron City of Dis.
149780 | Hell     | Found a gateway to the ashen valley of Gehenna.
149847 | Hell     | Found a gateway to the decaying netherworld of Tartarus.
150065 | Hell     | Found a gateway to the freezing wastes of Cocytus.
150435 | Hell     | Learned a level 1 spell: Pain
151004 | Slime:1  | Killed an acid blob
151058 | Slime:1  | Noticed an acid blob
151058 | Slime:1  | Killed an acid blob
151083 | Slime:1  | Killed an acid blob
151722 | Slime:6  | Entered Level 6 of the Pits of Slime
151944 | Slime:6  | Noticed the royal jelly
151947 | Slime:6  | Killed the royal jelly
151947 | Slime:6  | Received a gift from Sif Muna
152172 | Slime:6  | Identified Sif Muna's Reference Book on Transformation and Evil Rituals (Sif Muna gifted it to you on level 6 of the Pits of Slime)
152203 | Slime:6  | Reached skill level 5 in Necromancy
153259 | Slime:6  | Got a twisted mace
153260 | Slime:6  | Identified the +5 mace of Sudden Death {antimagic, +Rage} (You found it on level 6 of the Pits of Slime)
153265 | Slime:6  | Got a bloodstained quarterstaff
153266 | Slime:6  | Identified the +1 quarterstaff of Forgiveness {pain, +Fly Dex+4} (You found it on level 6 of the Pits of Slime)
153419 | Slime:6  | Got a slimy rune of Zot
153442 | Slime:6  | Got a brightly glowing trident
153443 | Slime:6  | Identified the +3 trident "Jeshrosab" {drain, *Rage +Inv rPois rC+ Str+4} (You found it on level 6 of the Pits of Slime)
154267 | Crypt:1  | Entered Level 1 of the Crypt
154451 | Crypt:1  | Noticed Boris
154455 | Crypt:1  | Killed Boris
154678 | Crypt:1  | Noticed Khufu
154850 | Crypt:1  | Killed Khufu
155149 | Crypt:1  | Lost strength.
155297 | Crypt:1  | Identified faibistes' Grimoire of Execration (You acquired it on level 1 of the Crypt)
155358 | Crypt:1  | Reached skill level 15 in Ice Magic
155639 | Crypt:1  | Noticed Margery
155640 | Crypt:1  | Received a gift from Sif Muna
155643 | Crypt:1  | Killed Margery
155644 | Crypt:1  | Identified Sif Muna's Grimoire of Dark Arts (Sif Muna gifted it to you on level 1 of the Crypt)
155662 | Crypt:1  | Reached skill level 15 in Fighting
156089 | Crypt:3  | Entered Level 3 of the Crypt
157410 | Crypt:2  | Noticed Mara
157413 | Crypt:2  | Killed Mara
158225 | Crypt:2  | Received a gift from Sif Muna
158226 | Crypt:2  | Identified Cigotuvi's Guide on Evil Rites (Sif Muna gifted it to you on level 2 of the Crypt)
158599 | Hell     | Learned a level 8 spell: Necromutation
159577 | Crypt:2  | Identified the Incunabulum of Suicidal Tendencies
161560 | Crypt:3  | Got a dazzling morningstar
161561 | Crypt:3  | Identified the cursed +2 morningstar "Puul" {elec, rC+ rN+ Dex+4} (You took it off a skeletal warrior on level 3 of the Crypt)
161735 | Crypt:3  | Found a basalt altar of Yredelemnul.
161876 | Crypt:3  | Received a gift from Sif Muna
161877 | Crypt:3  | Identified Rotseuss' Volume of the Gliding Voyage (Sif Muna gifted it to you on level 3 of the Crypt)
161989 | Crypt:3  | Reached skill level 10 in Necromancy
162412 | Crypt:3  | Got a crystal halberd
162413 | Crypt:3  | Lost strength.
162413 | Crypt:3  | Identified the +7 halberd of Afoom {chop, rPois rF- rC+ rN+ Str-5} (You took it off an unborn on level 3 of the Crypt)
163222 | Crypt:3  | Found a staircase to the Tomb.
164246 | Tomb:1   | Entered Level 1 of the Tomb of the Ancients
165393 | Tomb:1   | Received a gift from Sif Muna
165444 | Tomb:1   | Identified Sif Muna's Grimoire of the Pure Ghosts (Sif Muna gifted it to you on level 1 of the Tomb of the Ancients)
167524 | Tomb:2   | Noticed an ancient lich
167524 | Tomb:2   | Killed an ancient lich
168863 | Tomb:2   | Received a gift from Sif Muna
168864 | Tomb:2   | Identified Sif Muna's Compendium of Calling (Sif Muna gifted it to you on level 2 of the Tomb of the Ancients)
170013 | Tomb:1   | Received a gift from Sif Muna
170238 | Tomb:1   | Identified Sif Muna's Grimoire of the Traveller (Sif Muna gifted it to you on level 1 of the Tomb of the Ancients)
172001 | Tomb:3   | Entered Level 3 of the Tomb of the Ancients
172007 | Tomb:3   | Received a gift from Sif Muna
172682 | Tomb:3   | Lost dexterity.
172895 | Tomb:3   | Reached skill level 15 in Necromancy
173026 | Tomb:3   | Identified Sif Muna's Handbook of Supportive Moulding (Sif Muna gifted it to you on level 3 of the Tomb of the Ancients)
173045 | Tomb:3   | Received a gift from Sif Muna
173081 | Tomb:3   | Identified Ohumuus' Compendium of Evil (Sif Muna gifted it to you on level 3 of the Tomb of the Ancients)
173140 | Tomb:3   | Got a flickering tin ring
173141 | Tomb:3   | Identified the ring of Heutseam {rN+ Stlth+} (You found it on level 3 of the Tomb of the Ancients)
173179 | Tomb:3   | Got a translucent bone ring
173181 | Tomb:3   | Identified the cursed ring of Xom's Fury {Contam +Fly rN+ MR+ MP+9 AC-2} (You found it on level 3 of the Tomb of the Ancients)
173267 | Tomb:3   | Noticed an ancient lich
173269 | Tomb:3   | Killed an ancient lich
173274 | Tomb:3   | Noticed an ancient lich
173280 | Tomb:3   | Killed an ancient lich
173478 | Tomb:3   | Identified the Incunabulum of Icy Enhancements
173709 | Tomb:3   | Got a shimmering flail
173710 | Tomb:3   | Identified the +8 flail "Onkis" {freeze, Noisy rPois rF+ Int+4} (You found it on level 3 of the Tomb of the Ancients)
173859 | Tomb:3   | Got a bloodstained mace
173860 | Tomb:3   | Identified the cursed +0 mace "Meupteuh" {crush, Contam rF+ MR+ Str+5 SInv} (You took it off a greater mummy on level 3 of the Tomb of the Ancients)
173961 | Tomb:3   | Got a golden rune of Zot
174578 | Depths:4 | Voluntarily entered the Abyss.
174993 | Abyss:2  | Received a gift from Sif Muna
175529 | Abyss:4  | Found a corrupted altar of Lugonu.
175975 | Abyss:5  | Entered Level 5 of the Abyss
176188 | Abyss:5  | Received a gift from Sif Muna
176441 | Abyss:5  | Noticed an ancient lich
176445 | Abyss:5  | Killed an ancient lich
176997 | Abyss:5  | Found a corrupted altar of Lugonu.
177063 | Abyss:5  | Received a gift from Sif Muna
177074 | Abyss:5  | Identified Sif Muna's Disquisition on the Mutagenic Arsonist (Sif Muna gifted it to you on level 5 of the Abyss)
177125 | Abyss:5  | Reached skill level 15 in Invocations
177323 | Abyss:5  | Identified the Compendium of Creation and Arcane Weapons
177327 | Abyss:5  | Identified a +8 rod of shadows (11/11) (You found it on level 5 of the Abyss)
177363 | Abyss:5  | Paralysed by you for 4 turns
177597 | Abyss:5  | Found an iron altar of Okawaru.
178061 | Abyss:5  | Received a gift from Sif Muna
178062 | Abyss:5  | Identified Sif Muna's Disquisition on Transmutation and the Rocks (Sif Muna gifted it to you on level 5 of the Abyss)
178271 | Abyss:5  | Lost strength.
178275 | Abyss:5  | HP: 1/157 [large abomination (21)]
178628 | Abyss:5  | Received a gift from Sif Muna
178750 | Abyss:5  | Found a corrupted altar of Lugonu.
179041 | Abyss:5  | Got an abyssal rune of Zot
179139 | Depths:4 | Escaped the Abyss
179524 | Pan      | Entered Pandemonium
179685 | Pan      | Noticed Cridgh the pandemonium lord
179693 | Pan      | Killed Cridgh the pandemonium lord
179848 | Pan      | HP: 6/166 [blizzard demon/the air (18)]
180053 | Pan      | Found an exit through the horrors of the Abyss.
180179 | Pan      | Received a gift from Sif Muna
180189 | Pan      | Noticed Twazimo the pandemonium lord
180192 | Pan      | Killed Twazimo the pandemonium lord
180252 | Pan      | Identified Sif Muna's Disquisition on Combat Magic (Sif Muna gifted it to you in Pandemonium)
180704 | Pan      | Found an exit through the horrors of the Abyss.
181006 | Pan      | Found an exit through the horrors of the Abyss.
181050 | Pan      | Received a gift from Sif Muna
181084 | Pan      | Identified Sif Muna's Incunabulum of Dislocation (Sif Muna gifted it to you in Pandemonium)
181598 | Pan      | Identified the Volume of Moulding and Unholy Rites
181619 | Pan      | Got a crystal war axe
181620 | Pan      | Identified the +5 war axe of the Five Souls {venom, Str+2} (You found it in Pandemonium)
181686 | Pan      | Noticed Awiaw the pandemonium lord
181698 | Pan      | Killed Awiaw the pandemonium lord
182374 | Pan      | Noticed Hivoe the pandemonium lord
182805 | Pan      | Received a gift from Sif Muna
183049 | Pan      | Identified Khav's Grimoire of Good Luck (Sif Muna gifted it to you in Pandemonium)
183518 | Pan      | Noticed a seraph
183522 | Pan      | Killed a seraph
183614 | Pan      | Found a glowing golden altar of the Shining One.
183638 | Pan      | Got an ancient hand axe
183639 | Pan      | Identified the -1 hand axe of Destiny {chop, MR+ Int-3 Stlth+} (You found it in Pandemonium)
183643 | Pan      | Got a demonic rune of Zot
183647 | Pan      | Identified Smirch's Papyrus of Conjuration
183658 | Pan      | Identified the Reference Book on Evil Rituals
183933 | Pan      | Received a gift from Sif Muna
183998 | Pan      | Identified Alistair's Disquisition on Harmful Venom (Sif Muna gifted it to you in Pandemonium)
184156 | Pan      | Noticed Fogeofoh the pandemonium lord
184213 | Pan      | Killed Fogeofoh the pandemonium lord
184229 | Pan      | Noticed Mennas
184338 | Pan      | Killed Mennas
184593 | Pan      | Noticed Yfo Coko the pandemonium lord
184693 | Pan      | Found an exit through the horrors of the Abyss.
184749 | Pan      | Got a faintly glowing great mace
184750 | Pan      | Identified the +6 great mace "Xoix" {vamp, +Inv rF+} (You found it in Pandemonium)
184768 | Pan      | Entered the realm of Gloorx Vloq.
184849 | Pan      | Found an exit through the horrors of the Abyss.
185183 | Pan      | Received a gift from Sif Muna
185269 | Pan      | Identified Sif Muna's Guide on Air and Attacks (Sif Muna gifted it to you in Pandemonium)
185286 | Pan      | Noticed Gloorx Vloq
185291 | Pan      | Killed Gloorx Vloq
185443 | Pan      | Got a dark rune of Zot
185949 | Pan      | Received a gift from Sif Muna
185955 | Pan      | Identified Sif Muna's Almanac of Transformation and Clay (Sif Muna gifted it to you in Pandemonium)
186302 | Pan      | Found an exit through the horrors of the Abyss.
186572 | Pan      | Reached skill level 27 in Fire Magic
186609 | Pan      | Found an exit through the horrors of the Abyss.
186981 | Pan      | Found an exit through the horrors of the Abyss.
187351 | Pan      | Entered the realm of Lom Lobon.
187434 | Pan      | Received a gift from Sif Muna
187435 | Pan      | Identified Sif Muna's Grimoire of Scorching Arcane Weapons (Sif Muna gifted it to you in Pandemonium)
188076 | Pan      | Found an exit through the horrors of the Abyss.
188909 | Pan      | Noticed Lom Lobon
189409 | Pan      | Killed Lom Lobon
189450 | Pan      | Got a magical rune of Zot
189602 | Pan      | Entered the realm of Cerebov.
189737 | Pan      | Found an exit through the horrors of the Abyss.
190551 | Pan      | Received a gift from Sif Muna
190554 | Pan      | Identified Sif Muna's Collected Works on Calling (Sif Muna gifted it to you in Pandemonium)
190598 | Pan      | Found a gateway to a ziggurat.
190709 | Pan      | Got a smoking robe
190710 | Pan      | Identified the -3 robe "Prueran" {rC+ Regen+ Int-2 Dex+3 Stlth+} (You took it off an efreet in Pandemonium)
191028 | Pan      | Got a brightly glowing mace
191029 | Pan      | Identified the cursed -1 mace "Twowyroi" {venom, +Inv rF+ MR- Dex+4} (You found it in Pandemonium)
191036 | Pan      | Identified the Grimoire of Sinister Secrets
191050 | Pan      | Identified the Handbook of the Armadillo
191057 | Pan      | Got an encrusted short sword
191058 | Pan      | Identified the +7 short sword of Ghace {pierce, +Fly rN+} (You found it in Pandemonium)
191171 | Pan      | Noticed Cerebov
191217 | Pan      | Got a fiery rune of Zot
191358 | Pan      | Noticed Phiywiux the pandemonium lord
191370 | Pan      | Killed Phiywiux the pandemonium lord
191548 | Pan      | Entered the realm of Mnoleg.
191549 | Pan      | Noticed Mnoleg
191553 | Pan      | Reached skill level 27 in Conjurations
191555 | Pan      | Reached skill level 27 in Earth Magic
191683 | Pan      | Received a gift from Sif Muna
191691 | Pan      | Identified Sif Muna's Papyrus of the Traveller (Sif Muna gifted it to you in Pandemonium)
191915 | Pan      | Found an exit through the horrors of the Abyss.
192094 | Pan      | Killed Mnoleg
192341 | Pan      | Got a glowing rune of Zot
192477 | Depths:3 | Escaped Pandemonium
192754 | Vaults:4 | You paid a toll of 2 scrolls of acquirement to enter a treasure trove
192755 | Trove    | Entered a treasure trove
192768 | Trove    | Got a scintillating silver ring
192781 | Trove    | Got a brightly glowing hat
192792 | Trove    | Identified the +1 hat of Xom's Delight {rElec rF+ Int+4} (You found it in a treasure trove)
192801 | Trove    | Identified the ring "Sidiecke" {MP+9 Int+2} (You found it in a treasure trove)
192930 | Vaults:4 | Got a coiled amber ring
192931 | Vaults:4 | Identified the ring "Vamatujo" {rC- Str+5 Dex+7} (You acquired it on level 4 of the Vaults)
193626 | Coc:1    | Entered Level 1 of Cocytus
194360 | Coc:2    | Found a huge runed gate.
194360 | Coc:2    | Found a huge runed gate.
194360 | Coc:2    | Found a huge runed gate.
194361 | Coc:2    | Found a huge runed gate.
194363 | Coc:2    | Found a huge runed gate.
194363 | Coc:2    | Found a huge runed gate.
194363 | Coc:2    | Found a huge runed gate.
194363 | Coc:2    | Found a huge runed gate.
194363 | Coc:2    | Found a huge runed gate.
194363 | Coc:2    | Found a huge runed gate.
194363 | Coc:2    | Found a huge runed gate.
194363 | Coc:2    | Found a huge runed gate.
194363 | Coc:2    | Found a huge runed gate.
194502 | Coc:4    | Received a gift from Sif Muna
194596 | Coc:4    | Identified Sif Muna's Grimoire of Confrontation and the Volcanoes (Sif Muna gifted it to you on level 4 of Cocytus)
195090 | Coc:7    | Entered Level 7 of Cocytus
195873 | Coc:7    | Received a gift from Sif Muna
195875 | Coc:7    | Identified Sif Muna's Grimoire of Icy Transmigration (Sif Muna gifted it to you on level 7 of Cocytus)
195934 | Coc:7    | Noticed pedritolo's ghost (mighty SpEn)
195938 | Coc:7    | Killed pedritolo's ghost
196430 | Coc:7    | Noticed Antaeus
196444 | Coc:7    | Killed Antaeus
196772 | Coc:7    | Got an icy rune of Zot
196853 | Coc:7    | Identified a +2 rod of inaccuracy (12/12) (You found it on level 7 of Cocytus)
197097 | Geh:1    | Entered Level 1 of Gehenna
197420 | Geh:2    | Lost strength.
197623 | Geh:3    | Received a gift from Sif Muna
197624 | Geh:3    | Identified Sif Muna's Volume of Evil Secrets (Sif Muna gifted it to you on level 3 of Gehenna)
198240 | Geh:3    | Lost strength.
198645 | Geh:5    | HP: 9/186 [hellion/burst of hellfire (28)]
198645 | Geh:5    | Killed from afar by a hellion

Action                   |  1- 3 |  4- 6 |  7- 9 | 10-12 | 13-15 | 16-18 | 19-21 | 22-24 | 25-27 || total
-------------------------+-------+-------+-------+-------+-------+-------+-------+-------+-------++-------
Melee: Short sword       |       |     6 |       |       |       |       |       |       |       ||     6
       Dagger            |       |    31 |    63 |   242 |   252 |       |       |       |       ||   588
       Unarmed           |       |       |       |    22 |    20 |       |       |       |       ||    42
       Staff             |       |       |       |       |     5 |    77 |    12 |     7 |    46 ||   147
 Cast: Magic Dart        |   113 |   134 |   425 |   472 |   368 |    96 |       |       |       ||  1608
       Conjure Flame     |     2 |     4 |    28 |   144 |    77 |       |       |       |       ||   255
       Mephitic Cloud    |     1 |     5 |    30 |    68 |    22 |       |       |       |       ||   126
       Repel Missiles    |     1 |     1 |     2 |     1 |     1 |       |       |       |       ||     6
       Blink             |       |     2 |     4 |    11 |    32 |    22 |       |       |       ||    71
       Ignite Poison     |       |       |       |    76 |    64 |   121 |   147 |       |       ||   408
       Dazzling Spray    |       |       |       |     3 |   136 |       |       |       |       ||   139
       Fireball          |       |       |       |       |   278 |   226 |   185 |   241 |    19 ||   949
       Iskenderun's Batt |       |       |       |       |    98 |    41 |     2 |     3 |       ||   144
       Sticky Flame      |       |       |       |       |    89 |    67 |       |       |       ||   156
       Animate Skeleton  |       |       |       |       |   129 |   128 |   176 |   202 |    13 ||   648
       Stone Arrow       |       |       |       |       |     6 |    57 |       |       |       ||    63
       Bolt of Fire      |       |       |       |       |       |   299 |   276 |   311 |   897 ||  1783
       Ring of Flames    |       |       |       |       |       |    31 |    29 |    27 |    72 ||   159
       Deflect Missiles  |       |       |       |       |       |     1 |     8 |     4 |    18 ||    31
       Force Lance       |       |       |       |       |       |    11 |    56 |    26 |    38 ||   131
       Iron Shot         |       |       |       |       |       |       |    88 |    95 |       ||   183
       Lee's Rapid Decon |       |       |       |       |       |       |   195 |   162 |    72 ||   429
       Controlled Blink  |       |       |       |       |       |       |     7 |    24 |    62 ||    93
       Haste             |       |       |       |       |       |       |     3 |    36 |    37 ||    76
       Apportation       |       |       |       |       |       |       |     1 |     1 |       ||     2
       Lehudib's Crystal |       |       |       |       |       |       |       |    97 |  1060 ||  1157
       Fire Storm        |       |       |       |       |       |       |       |     5 |   655 ||   660
       Shatter           |       |       |       |       |       |       |       |       |   183 ||   183
       Bolt of Cold      |       |       |       |       |       |       |       |       |    29 ||    29
       Airstrike         |       |       |       |       |       |       |       |       |     3 ||     3
       Glaciate          |       |       |       |       |       |       |       |       |   333 ||   333
       Necromutation     |       |       |       |       |       |       |       |       |   271 ||   271
       Pain              |       |       |       |       |       |       |       |       |     1 ||     1
Invok: Channel Energy    |       |       |       |    38 |    69 |    94 |   155 |   370 |  5165 ||  5891
       Forget Spell      |       |       |       |       |       |     2 |     1 |     1 |     6 ||    10
 Abil: Evoke Flight      |       |       |       |       |       |       |       |     2 |     3 ||     5
       End Transformatio |       |       |       |       |       |       |       |       |    16 ||    16
       Evoke Fog         |       |       |       |       |       |       |       |       |     1 ||     1
Evoke: Wand              |       |     5 |     9 |    17 |     5 |     6 |     6 |    10 |    47 ||   105
  Use: Scroll            |     3 |     2 |     6 |    16 |    18 |    16 |     6 |    17 |    60 ||   144
       Potion            |       |       |     1 |     3 |     8 |     3 |     3 |     7 |    52 ||    77
 Stab: Confused          |       |     4 |     5 |    13 |     5 |       |       |       |       ||    27
       Distracted        |       |       |       |     1 |       |       |       |       |       ||     1
       Paralysed         |       |       |       |     2 |       |       |       |       |       ||     2
       Sleeping          |       |       |       |     2 |       |       |       |       |       ||     2
       Invisible         |       |       |       |       |    13 |       |       |       |       ||    13
  Eat: Chunk             |     6 |     9 |    17 |    44 |    61 |    69 |    71 |   112 |   114 ||   503
       Fruit             |       |       |     1 |     1 |    12 |    24 |    10 |     5 |     9 ||    62
       Royal jelly       |       |       |       |       |     1 |       |       |       |       ||     1
       Beef jerky        |       |       |       |       |     5 |     6 |     4 |     2 |     2 ||    19
       Pizza             |       |       |       |       |     3 |     1 |       |       |     3 ||     7
       Bread ration      |       |       |       |       |       |       |     6 |     4 |    29 ||    39
       Meat ration       |       |       |       |       |       |       |       |       |     5 ||     5
